AoeStats
← matpochmara

Arabian Desert

509959176Analyzed
1v1 RM · 4d ago on Sep 28, 2026· 18m 22s· 2 players
Game mode
Random Map
Map size
Tiny (2 player)
Population
200
Speed
Normal
Resources
Standard
Victory
Conquest
Starting age
Dark Age
Ending age
Imperial Age
RankedLock teamsTeams togetherTeam positionsShared explorationLock speedFull tech treeHidden civsTurbo modeCheats
Victory
Defeat
🇵🇱 Ethiopians · Poland
938
+14
🇬🇧 Spanish · United Kingdom
905
-39
LuckyShears
13:12 Loom
15:02 Feudal Age
17:05 Horse Collar
matpochmara
11:42 Feudal Age
13:57 Fletching
16:29 Castle Age
15:39 Padded Archer Armor
15:29 Arson
15:55 Loom
16:35 Crossbowman
Connection lost

Rejoining the realm…

Still unreachable

The connection could not be restored.

Session expired

The server has moved on; the page needs a fresh start.